 Dungeon Crawl Stone Soup version 0.25.0-26-g0c896c7088 (webtiles) character file.

Game seed: 16714658932412284581

354 protoss039 the Shield-Bearer (level 6, 0/48 HPs)
             Began as a Formicid Fighter on July 5, 2020.
             Slain by a gnoll
             ... wielding a +0 spear
              (3 damage)
             ... on level 3 of the Dungeon.
             The game lasted 00:05:53 (3392 turns).

protoss039 the Shield-Bearer (Formicid Fighter)     Turns: 3392, Time: 00:05:54

Health: 0/48       AC:  9    Str: 29    XL:     6   Next: 94%
Magic:  6/6        EV:  7    Int:  7    God:
Gold:   99         SH: 11    Dex: 16    Spells: 5/5 levels left

rFire    . . .     SeeInvis +   a - +0 war axe
rCold    . . .     Gourm    .   c - +0 kite shield
rNeg     . . .     Faith    .   t - +0 chain mail
rPois    .         Spirit   .   (helmet unavailable)
rElec    .         Reflect  .   (no cloak)
rCorr    .         Harm     .   (no gloves)
MR       .....                  (no boots)
Stlth    ..........             (no amulet)
HPRegen  0.16/turn              n - +6 ring of dexterity
MPRegen  0.10/turn              r - +6 ring of strength

@: glowing
A: permanent stasis, dig shafts and tunnels, four strong arms, antennae 3
a: Dig, Shaft Self


You were on level 3 of the Dungeon.
You were hungry.

You visited 1 branch of the dungeon, and saw 3 of its levels.

You collected 99 gold pieces.

Inventory:

Hand Weapons
 a - a +0 war axe (weapon)
Armour
 b - a +0 scale mail
 c - a +0 kite shield (worn)
 t - a +0 chain mail (worn)
Jewellery
 n - a +6 ring of dexterity (left hand)
 r - a +6 ring of strength (right hand)
Wands
 u - a wand of digging (7)
Scrolls
 e - 4 scrolls of immolation {unknown}
 g - 2 scrolls of remove curse {unknown}
 i - 2 scrolls of identify {unknown}
 k - a scroll of amnesia {unknown}
 o - 2 scrolls of blinking {unknown}
 p - 3 scrolls of teleportation {unknown}
 v - a scroll of fear {unknown}
Potions
 d - a potion of might
 h - a potion of heal wounds
 j - a potion of lignification {unknown}
 l - 3 potions of flight {unknown}
 m - 5 potions of curing {unknown}
 s - a potion of stabbing {unknown}
Comestibles
 f - 3 rations
 q - 13 chunks of flesh


   Skills:
 + Level 4.3 Fighting
 + Level 4.8 Axes
 + Level 4.3 Armour
 + Level 5.2 Shields


You had 5 spell levels left.
You didn't know any spells.
Your spell library was empty.

Dungeon Overview and Level Annotations

Branches:
Dungeon (3/15)

Altars:
Ashenzari
Sif Muna
Wu Jian


Innate Abilities, Weirdness & Mutations

You cannot be hasted, slowed, berserked, paralysed or teleported.
You can dig through walls and to a lower floor.
Your four strong arms can wield two-handed weapons with a shield.
You have a pair of large antennae on your head. (SInv)


Message History

You block the gnoll shaman's attack.
Unknown command.
You slash the gnoll sergeant!
The gnoll sergeant is almost dead.
You slash the gnoll shaman!
You kill the gnoll shaman!
The gnoll sergeant hits you with a +3 spear.
* * * LOW HITPOINT WARNING * * *
The gnoll shaman hits you with a +0 whip.
* * * LOW HITPOINT WARNING * * *
You block the gnoll's attack. You block the gnoll sergeant's attack.
Unknown command.
You closely miss the gnoll sergeant.
The gnoll sergeant is almost dead.
You hit the gnoll shaman. You block the gnoll shaman's attack.
You block the gnoll's attack. The gnoll sergeant closely misses you.
The gnoll shaman calls upon its god to speed up the gnoll sergeant.
The gnoll sergeant seems to speed up.
The gnoll hits you from afar with a +0 spear.
You die...

...........................#
###########...............##
###########................#
.........##................#
########...................#
# ####......<........## #
###....).........##
#########........)..#...##
..............##@g.####.#
............####g#...##.#####
.##........#####g###..#.....#
.##.(........{{ggg###.......#
..†<).........{ggg...##.....#
.#.[[.........ggg###.##.....#
##.......#.....).# #........#
#......##.......# #####.)..#
#........##.##..### #....#


You could see a gnoll sergeant (fast), a gnoll shaman (fast) and 10 gnolls.

Vanquished Creatures
  2 gnoll shamans (D:3)
  2 worker ants (D:3)
  Ijyb (D:3)
  4 adders
  8 gnolls (D:3)
  An ooze (D:2)
  3 worms
  3 dart slugs
  4 leopard geckos
  8 orcs (D:3)
  A ball python (D:2)
  10 bats
  2 giant cockroaches
  7 goblins
  9 hobgoblins
  8 jackals
  9 kobolds
  A quokka (D:3)
  3 frilled lizards (D:2)
  3 rats
89 creatures vanquished.

Notes
Turn   | Place    | Note
-------+----------+-------------------------------------------
     0 | D:1      | protoss039 the Formicid Fighter began the quest for the
                  | Orb.
     0 | D:1      | Reached XP level 1. HP: 18/18 MP: 1/1
   108 | D:1      | Reached XP level 2. HP: 24/24 MP: 2/2
   476 | D:1      | Reached skill level 4 in Shields
   885 | D:1      | Reached XP level 3. HP: 27/30 MP: 3/3
  1285 | D:2      | Found an ornate altar of the Wu Jian Council.
  1745 | D:2      | Found a shattered altar of Ashenzari.
  1983 | D:2      | Found a faded altar of an unknown god.
  2044 | D:2      | Reached XP level 4. HP: 37/37 MP: 4/4
  2287 | D:2      | Found a shimmering blue altar of Sif Muna.
  2452 | D:3      | Reached XP level 5. HP: 32/42 MP: 5/5
  2843 | D:3      | Noticed Ijyb
  2844 | D:3      | Killed Ijyb
  2844 | D:3      | Reached XP level 6. HP: 48/48 MP: 6/6
  3258 | D:3      | Reached skill level 5 in Shields
  3392 | D:3      | Slain by a gnoll

Illustrated notes

Levels and vault maps discovered:
D:1:      dpeg_arrival_leaves_temple_mockup, layout_basic,
          kennysheep_decorative_pillar
D:2:      layout_rooms, marbit_many_paths, lemuel_doored_altar,
          overflow_temple_1_default, chequers_ecumenical_altar_simple
D:3:      lemuel_castle_with_subvaults [lemuel_castle_interior_original],
          layout_rooms, fountainhead, uniq_ijyb

Skill      XL: |  1  2  3  4  5  6 |
---------------+-------------------+-----
Shields        | 4 5 |  5.2
Axes           | 3 4 |  4.8
Fighting       | 4 |  4.3
Armour         | 4 |  4.3

Action                   |  1- 3 |  4- 6 || total
-------------------------+-------+-------++-------
Melee: War axe           |   154 |   143 ||   297
 Abil: Dig               |       |     1 ||     1
  Use: Potion            |     1 |       ||     1
  Eat: Chunk             |     4 |     4 ||     8
Armor: Scale mail        |    92 |    35 ||   127
       Chain mail        |       |    27 ||    27
Dodge: Dodged            |    81 |    57 ||   138
Block: Kite shield       |    98 |   114 ||   212
